 Dungeon Crawl Stone Soup version 0.30-a0-1016-gfb0d676c02 (webtiles) character file.

Game seed: 15966139762760518432

197 Dordric the Grasshopper (level 5, -1/39 HPs)
             Began as a Barachi Warper on Apr 6, 2023.
             Killed by divine providence
             ... invoked by an orc priest
              (14 damage)
             ... on level 3 of the Dungeon.
             The game lasted 00:02:53 (2542 turns).

Dordric the Grasshopper (Barachi Warper)            Turns: 2542, Time: 00:02:54

Health: -1/39      AC:  3    Str: 13    XL:     5   Next: 75%
Magic:  4/8        EV: 12    Int: 13    God:
Gold:   167        SH:  0    Dex: 19    Spells: 4/8 levels left

rFire   . . .      SeeInvis .    l - +8 mace "Zidoraut" {freeze, +Blink Stlth+}
rCold   . . .      Faith    .    (no shield)
rNeg    . . .      Spirit   .    b - +0 leather armour
rPois   +          Reflect  .    (no helmet)
rElec   .          Rampage  .    (no cloak)
rCorr   .                        (no gloves)
Will    .....                    (no boots)
Stlth   ++                       (no amulet)
HPRegen 0.26/turn                m - +6 ring of dexterity
MPRegen 0.11/turn                e - ring of poison resistance

@: immotile, slow
A: amphibious, slowness 1, strong legs 1, +LOS
a: Hop, Evoke Blink


You were on level 3 of the Dungeon.
You visited 1 branch of the dungeon, and saw 4 of its levels.

You collected 167 gold pieces.

Inventory:

Hand Weapons
 a - a +0 falchion
 l - the +8 mace "Zidoraut" (weapon) {freeze, +Blink Stlth+}
   (You found it on level 2 of the Dungeon)

   +Blink:    It lets you blink.
   Stlth:     It makes you more stealthy.
Missiles
 d - 7 boomerangs of dispersal (quivered)
Armour
 b - a +0 leather armour (worn)
Jewellery
 e - a ring of poison resistance (right hand)
 m - a +6 ring of dexterity (left hand)
Scrolls
 c - 2 scrolls of blinking
 g - 4 scrolls of identify {unknown}
 h - a scroll of amnesia {unknown}
 i - a scroll of summoning {unknown}
 k - a scroll of noise {unknown}
 n - 2 scrolls of poison {unknown}
 o - a scroll of fear {unknown}
 p - a scroll of enchant armour {unknown}
Potions
 f - 2 potions of ambrosia {unknown}
 j - a potion of heal wounds {unknown}
 q - a potion of degeneration {unknown}


   Skills:
 - Level 2.4 Fighting
 + Level 5.1 Long Blades
 - Level 1.0 Throwing
 - Level 1.2 Armour
 - Level 2.1 Dodging
 - Level 2.1 Spellcasting
 + Level 5.3 Translocations


You had 4 spell levels left.
You knew the following spells:

 Your Spells              Type           Power      Damage    Failure   Level
a - Momentum Strike       Conj/Tloc      16%        3d8       16%         2
b - Blink                 Tloc           30%        N/A       5%          2

Your spell library contained the following spells:

 Spells                   Type           Power      Damage    Failure   Level
 Lesser Beckoning         Tloc           30%        N/A       5%          2
 Teleport Other           Tloc           15%        N/A       11%         3
 Foxfire                  Conj/Fire      4%         2x1d4     32%         1
 Vhi's Electric Charge    Tloc/Air       16%        N/A       32%         3
 Manifold Assault         Tloc           15%        N/A       34%         4
 Sublimation of Blood     Necr           1%         N/A       43%         2
 Petrify                  Tmut/Erth      1%         N/A       97%         4
 Fireball                 Conj/Fire      0%         3d3       100%        5
 Irradiate                Conj/Tmut      0%         3d11      100%        5
 Plasma Beam              Fire/Air       0%         2x1d11    100%        6
 Starburst                Conj/Fire      0%         6d3       100%        6


Dungeon Overview and Level Annotations

Branches:
Dungeon (4/15)
 Temple: D:4-7

Altars:
Ashenzari
Fedhas


Innate Abilities, Weirdness & Mutations

You are amphibious.
You cover ground slowly.
You can hop short distances.
You have an extended range of vision and can be seen from far away.


Message History

There is an open door here.
You open the door.
There is an open door here.
You see here a +0 chain mail.
There is a stone staircase leading down here.
You climb downwards.
You hear the hiss of flowing sand.
There is an entrance to an ossuary on this level.
Hurry and find it before the portal is buried!
The orc shouts!
The orc priest shouts! x2
Found 40 gold pieces.
There is a stone staircase leading up here.
You sock the orc priest! You freeze the orc priest.
The orc priest is severely wounded.
You hear a shout!
The orc priest closely misses you.
The orc priest invokes the aid of Beogh against you.
Pain shoots through your body! The orc closely misses you.
The orc priest barely misses you. x2
You climb upwards.
There is a stone staircase leading down here.
Casting: Momentum Strike (safe; 16% risk of failure)
Confirm with . or Enter, or press ? or * to list all spells.
Aiming: Momentum Strike (safe; 16% risk of failure)
Press: ? - help, Dir - move target, f - orc priest
Aim: an orc priest, wielding a +2 hand axe of electrocution (68% to hit)
The concentrated momentum misses the orc priest.
The orc priest hits you but does no damage.
The orc priest hits you with a +2 hand axe of electrocution.
You are electrocuted!
The orc hits you with a +0 dagger.
Casting: Momentum Strike (safe; 16% risk of failure)
Confirm with . or Enter, or press ? or * to list all spells.
Aiming: Momentum Strike (safe; 16% risk of failure)
Press: ? - help, Dir - move target, f/p - orc priest
Aim: an orc priest, wielding a +2 hand axe of electrocution (68% to hit)
The concentrated momentum hits the orc priest!
The orc priest is severely wounded.
You are unable to move.
The orc priest hits you with a +0 club.
The orc priest invokes the aid of Beogh against you.
Beogh smites you!
You die...

..[....................+.........
##.........######...####.........
###.#.....# ##.## ##.......#
####...## #.## ##....†## ###.###
#..# ##...## #.....# ##.# ##'##
####.###.# ####.### #.# #....#
#.# #oo....# #.# #.##.###.#
#@##.#.# ##.## #.##.....#
#o##.#.#####...## #.########
#.##.#.#........# ###.#
#.##.......#...### ....#
#.####.#.......... #####
#.####.##.........
#......####.#.###. ########
#....... ### ###.####


You could see 2 orc priests and an orc.

Vanquished Creatures
  An ogre (D:3)
  4 adders
  A worm (D:2)
  A dart slug (D:2)
  3 ball pythons (D:3)
  5 bats
  7 endoplasms
  2 giant cockroaches
  12 goblins
  5 hobgoblins
  4 jackals (D:2)
  5 kobolds
  3 quokkas
  3 frilled lizards (D:3)
  6 rats
62 creatures vanquished.

Notes
Turn   | Place    | Note
-------+----------+-------------------------------------------
     0 | D:1      | Dordric the Barachi Warper began the quest for the Orb.
     0 | D:1      | Reached XP level 1. HP: 17/17 MP: 3/3
   198 | D:1      | Reached XP level 2. HP: 23/23 MP: 5/5
   823 | D:1      | Learned a level 2 spell: Momentum Strike
   900 | D:2      | Reached XP level 3. HP: 22/28 MP: 6/6
  1192 | D:2      | Identified the +8 mace "Zidoraut" {freeze, +Blink Stlth+}
  1559 | D:3      | Found a blossoming altar of Fedhas.
  1571 | D:3      | Reached XP level 4. HP: 34/34 MP: 7/7
  1574 | D:3      | Learned a level 2 spell: Blink
  1747 | D:3      | Found a broken altar of Ashenzari.
  2192 | D:3      | Noticed an ogre
  2212 | D:3      | Killed an ogre
  2213 | D:3      | Reached skill level 5 in Long Blades
  2213 | D:3      | Reached skill level 5 in Translocations
  2213 | D:3      | Reached XP level 5. HP: 21/39 MP: 1/8
  2542 | D:3      | Killed from afar by an orc priest

Illustrated notes

Levels and vault maps discovered:
D:1:      enne_arrival_octagon_isle, layout_basic
D:2:      layout_loops_ring
D:3:      layout_loops_corners, amcnicky_altar_gilded,
          nicolae_ashenzari_skybound, minmay_ogre_servants
D:4:      layout_rooms, xom_redecorated, nzn_hepliaklqana_mist_gate,
          minmay_temple_entry_glass, enter_ossuary_5, serial_shops,
          nicolae_shop_crystal

Skill      XL: |  1  2  3  4 |
---------------+-------------+-----
Long Blades    | 3 4 5 |  5.1
Translocations | 4 5 |  5.3
Fighting       | |  2.4
Throwing       | |  1.0
Armour         | |  1.2
Dodging        | |  2.1
Spellcasting   | |  2.1

Action                     |  1- 3 |  4- 6 || total
---------------------------+-------+-------++-------
  Melee: Falchion          |    96 |       ||    96
         Mace              |     4 |    42 ||    46
   Cast: Momentum Strike   |     1 |     5 ||     6
   Stab: Sleeping          |     1 |     7 ||     8
 Armour: Leather armour    |    31 |    13 ||    44
  Dodge: Dodged            |    93 |    39 ||   132

Table legend: (Time is in decaauts)
 A = Elapsed time spent in this place.
 B = Non-inter-level travel time spent in this place.
 C = Inter-level travel time spent in this place.
 D = Time resting spent in this place.
 E = Time spent auto-exploring this place.
 F = Levels seen in this place.
 G = Mean time per level.
                   A        B        C        D        E       F      G
               +--------+--------+--------+--------+--------+-----+--------+
         Total |   2973 |   2866 |    107 |      0 |   2380 |   4 |  743.2 |
       Dungeon |   2973 |   2866 |    107 |      0 |   2380 |   4 |  743.2 |
               +--------+--------+--------+--------+--------+-----+--------+

Top non-repeatable levels by time:
     D:3: 1158 daAuts
     D:1: 986 daAuts
     D:2: 826 daAuts
     D:4: 3 daAuts
